 Dungeon Crawl Stone Soup version 0.30-a0-743-gbfdf073431 (webtiles) character file.

Game seed: 5554402956969992655

553 BlueFish the Sneak (level 7, -3/50 HPs)
             Began as a Vampire Enchanter on Feb 6, 2023.
             Killed by divine providence
             ... invoked by an orc priest
              (17 damage)
             ... on level 4 of the Dungeon.
             The game lasted 00:09:57 (2609 turns).

BlueFish the Sneak (Vampire Enchanter)              Turns: 2609, Time: 00:09:58

Health: -3/50      AC:  3    Str:  7    XL:     7   Next: 8%
Magic:  20/20      EV: 13    Int: 20    God:
Gold:   111        SH:  0    Dex: 14    Spells: 4/12 levels left

rFire   x . .      SeeInvis +    r - +1 dagger of Gozag's Pride {elec, rPois}
rCold   + . .      Faith    .    (no shield)
rNeg    . . .      Spirit   .    b - +1 robe
rPois   +          Reflect  .    (no helmet)
rElec   .          Harm     .    (no cloak)
rCorr   .          Rampage  .    (no gloves)
Will    .....                    (no boots)
Stlth   +++                      p - amulet of magic regeneration
HPRegen 0.48/turn                i - ring of ice
MPRegen 0.57/turn                n - ring of magical power

@: healing quickly
A: alive, fangs 3, see invisible, vampiric 2
a: Exsanguinate


You were on level 4 of the Dungeon.
You visited 1 branch of the dungeon, and saw 4 of its levels.

You collected 111 gold pieces.

Inventory:

Hand Weapons
 a - a +2 dagger
 j - a +0 short sword
 r - the +1 dagger of Gozag's Pride (weapon) {elec, rPois}
   (You found it on level 2 of the Dungeon)

   rPois:     It protects you from poison.
Missiles
 u - 7 curare-tipped darts (quivered)
Armour
 b - a +1 robe (worn)
Jewellery
 i - a ring of ice (left hand)
 n - a ring of magical power (right hand)
 p - an amulet of magic regeneration (around neck)
Wands
 v - a wand of polymorph (6)
 y - a wand of flame (23)
Scrolls
 d - 3 scrolls of enchant weapon
 f - 4 scrolls of teleportation
 g - a scroll of fog
 m - 2 scrolls of poison
 o - a scroll of fear
 s - a scroll of torment
 x - 2 scrolls of enchant armour
Potions
 c - 2 potions of invisibility
 e - 3 potions of mutation
 h - a potion of might
 k - 2 potions of curing
 l - a potion of haste
 q - a potion of lignification
 t - a potion of attraction


   Skills:
 + Level 2.2 Fighting
 + Level 3.1 Short Blades
 + Level 1.3 Throwing
 + Level 1.4 Armour
 + Level 3.7 Dodging
 + Level 6.3 Stealth
 + Level 3.1 Spellcasting
 + Level 5.9 Hexes


You had 4 spell levels left.
You knew the following spells:

 Your Spells              Type           Power      Damage    Failure   Level
a - Ensorcelled Hibernat  Hex/Ice        44%        N/A       6%          2
b - Confusing Touch       Hex            26%        N/A       3%          3
c - Tukima's Dance        Hex            26%        N/A       3%          3

Your spell library contained the following spells:

 Spells                   Type           Power      Damage    Failure   Level
 Dazzling Flash           Conj/Hex       30%        N/A       12%         3
 Summon Guardian Golem    Hex/Summ       15%        N/A       12%         3
 Summon Small Mammal      Summ           12%        N/A       14%         1
 Call Canine Familiar     Summ           3%         N/A       38%         3
 Ignite Poison            Fire/Tmut/Pois 3%         N/A       38%         3
 Sticky Flame             Conj/Fire      3%         2d3       80%         4
 Ignition                 Fire           1%         3d3       100%        8


Dungeon Overview and Level Annotations

Branches:
Dungeon (4/15)
 Temple: D:4-7

Altars:
Wu Jian

Shops:
D:2 ?


Innate Abilities, Weirdness & Mutations

Your natural rate of healing is accelerated.
You have razor-sharp teeth.
You have supernaturally acute eyesight. (SInv)
You are afflicted with vampirism and can become a bat while bloodless.


Message History

The orc wizard casts a spell.
The orc wizard flickers and vanishes for a moment.
You hear a shout!
You hit the orc wizard.
Lightning courses through the orc wizard!
You kill the orc wizard!
An orc priest comes into view. It is wielding a +0 mace.
Things that are here:
a +0 dagger; a +0 robe; an orc corpse An orc wizard comes into view.
It is wielding a +0 dagger.
The orc wizard shouts!
You hear a shout!
The orc priest calls down the wrath of Beogh upon you.
Beogh smites you! The orc priest hits you with a +0 mace.
You hit the orc priest.
The orc priest is moderately wounded.
The orc priest hits you but does no damage.
The orc wizard gestures at you while chanting.
You are confused.
Things that are here:
a +0 dagger; a +0 robe; an orc corpse You bump into the rock wall.
You bump into the rock wall.
The orc priest closely misses you. The orc wizard casts a spell at you.
You easily resist.
You barely miss the orc priest.
The orc priest is moderately wounded.
The orc priest casts a cantrip, but nothing happens.
The orc wizard hits you with a +0 dagger.
The orc priest attacks as you move away!
The orc priest barely misses you.
The orc priest mumbles some strange prayers to Beogh against you.
Beogh smites you!
* * * LOW HITPOINT WARNING * * *
You feel less confused.
The orc wizard attacks as you move away!
The orc wizard barely misses you.
The orc priest mumbles some strange prayers to Beogh against you.
Beogh smites you!
You die...

####.......####.........# #.....
#.).............#####...###.....
#.##.......###### #.#.....#...
#.###.....## #.#######.## #.#
##...## #####.##### #.## #†#
##.## #.........###...
#.######### ###.##..###.##[###
#.........# #............)..#
#########.#####@###....##.##.###
#..<).o.# #..o.##.##....
#.#####o###..#.##.######
##.###..o.......##.#
#...........#.####.#
#..###.###..#.# #.# #..# #.#
#..#.# #.# #..# #.# #..#.####.#
#..# #.# #.........#


You could see 2 orc priests and an orc wizard.

Vanquished Creatures
  A black bear (D:3)
  A necrophage (D:4)
  2 scorpions (D:4)
  An iguana (D:4)
  3 orc wizards
  Robin (D:4)
  4 gnolls (D:4)
  5 adders
  A worm (D:2)
  4 dart slugs
  10 orcs
  6 endoplasms
  3 giant cockroaches
  8 goblins
  12 hobgoblins
  3 jackals (D:3)
  2 kobolds
  2 quokkas
  5 ball pythons
  4 frilled lizards
  3 rats
81 creatures vanquished.

Notes
Turn   | Place    | Note
-------+----------+-------------------------------------------
     0 | D:1      | BlueFish the Vampire Enchanter began the quest for the Orb.
     0 | D:1      | Reached XP level 1. HP: 13/13 MP: 3/3
   208 | D:1      | Reached XP level 2. HP: 17/20 MP: 5/5
   214 | D:1      | Learned a level 2 spell: Ensorcelled Hibernation
   586 | D:2      | Gained mutation: You are afflicted with vampirism and can
                  | become a bat while bloodless. [Vampire growth]
   586 | D:2      | Reached XP level 3. HP: 25/25 MP: 6/6
   593 | D:2      | Learned a level 3 spell: Confusing Touch
   820 | D:2      | Found Xylum's Magic Scroll Emporium.
   922 | D:2      | Reached skill level 1 in Fighting
  1184 | D:2      | Identified the +1 dagger of Gozag's Pride {elec, rPois}
  1380 | D:3      | Reached skill level 5 in Stealth
  1420 | D:3      | Reached skill level 5 in Hexes
  1420 | D:3      | Reached XP level 4. HP: 30/32 MP: 7/7
  1608 | D:3      | Reached XP level 5. HP: 29/37 MP: 8/8
  1647 | D:3      | Noticed a black bear
  1664 | D:3      | Killed a black bear
  1942 | D:3      | Found an ornate altar of the Wu Jian Council.
  2001 | D:4      | Reached XP level 6. HP: 43/44 MP: 10/10
  2121 | D:4      | Noticed Robin
  2131 | D:4      | Killed Robin
  2132 | D:4      | Reached skill level 1 in Armour
  2242 | D:4      | Reached skill level 1 in Throwing
  2242 | D:4      | Reached skill level 6 in Stealth
  2290 | D:3      | Learned a level 3 spell: Tukima's Dance
  2567 | D:4      | Reached XP level 7. HP: 50/50 MP: 11/11
  2609 | D:4      | Killed from afar by an orc priest

Illustrated notes

Levels and vault maps discovered:
D:1:      nicolae_arrival_memento_mori, layout_rooms
D:2:      layout_basic, serial_shops, shop
D:3:      layout_rooms, pdpol_wu_jian_five_deadly_venoms
D:4:      layout_loops_ring, kennysheep_big_empty_room, uniq_robin

Skill      XL: |  1  2  3  4  5  6 |
---------------+-------------------+-----
Fighting       | 1 2 |  2.2
Stealth        | 5 6 |  6.3
Short Blades   | 2 3 |  3.1
Hexes          | 5 |  5.9
Dodging        | 3 |  3.7
Armour         | 1 |  1.4
Throwing       | 1 |  1.3
Spellcasting   | 3 |  3.1

Action                     |  1- 3 |  4- 6 |  7- 9 || total
---------------------------+-------+-------+-------++-------
  Melee: Dagger            |    91 |   122 |     5 ||   218
         Bite              |     7 |    12 |       ||    19
         Punch             |     1 |       |       ||     1
   Cast: Ensorcelled Hiber |    13 |    17 |       ||    30
Ability: Exsanguinate      |     1 |       |       ||     1
    Use: Scroll            |       |     9 |     4 ||    13
   Stab: Sleeping          |    17 |    12 |       ||    29
 Armour: Robe              |     9 |     6 |     1 ||    16
  Dodge: Dodged            |    43 |    59 |     4 ||   106

Table legend: (Time is in decaauts)
 A = Elapsed time spent in this place.
 B = Non-inter-level travel time spent in this place.
 C = Inter-level travel time spent in this place.
 D = Time resting spent in this place.
 E = Time spent auto-exploring this place.
 F = Levels seen in this place.
 G = Mean time per level.
                   A        B        C        D        E       F      G
               +--------+--------+--------+--------+--------+-----+--------+
         Total |   2585 |   2474 |    111 |     82 |   1496 |   4 |  646.2 |
       Dungeon |   2585 |   2474 |    111 |     82 |   1496 |   4 |  646.2 |
               +--------+--------+--------+--------+--------+-----+--------+

Top non-repeatable levels by time:
     D:2: 737 daAuts
     D:3: 633 daAuts
     D:1: 625 daAuts
     D:4: 589 daAuts
